 Dungeon Crawl Stone Soup version 0.29.1-4-g47bece8355 (webtiles) character file.

Game seed: 7490213113129164439

1914 GigaChad the Protected (level 8, -13/70 HPs)
             Began as a Minotaur Fighter on Dec 6, 2022.
             Was a Priest of Lugonu.
             Mangled by an orc warrior
             ... wielding a +0 battleaxe
              (18 damage)
             ... on level 6 of the Dungeon.
             The game lasted 00:11:53 (5573 turns).

GigaChad the Protected (Minotaur Fighter)           Turns: 5573, Time: 00:11:53

Health: -13/70     AC: 15    Str: 24    XL:     8   Next: 95%
Magic:  16/16      EV:  7    Int:  5    God:    Lugonu [***...]
Gold:   203        SH:  5    Dex:  9    Spells: 7/7 levels left

rFire   . . .      SeeInvis .   v - +5 war axe "Gur Reg" {speed, Will+ MP+9 Stlth-}
rCold   . . .      Faith    .   c - +0 buckler
rNeg    . . .      Spirit   .   q - +0 plate armour
rPois   .          Reflect  .   (helmet restricted)
rElec   .          Harm     .   p - +0 cloak
rCorr   .          Rampage  .   (no gloves)
Will    +....                   (no boots)
Stlth   ..........              (no amulet)
HPRegen 0.21/turn               (no ring)
MPRegen 0.15/turn               (no ring)

@: no status effects
A: horns 2, retaliatory headbutt
a: Renounce Religion, Depart the Abyss, Bend Space, Banish


You were on level 6 of the Dungeon.
You worshipped Lugonu.
Lugonu was most pleased with you.
You visited 2 branches of the dungeon, and saw 7 of its levels.

You collected 266 gold pieces.
You spent 63 gold pieces at shops.

Inventory:

Hand Weapons
 a - a +0 war axe
 l - the +5 mace of Valour {freeze, Str+4}
   (You found it on level 2 of the Dungeon)

   It freezes those it strikes, dealing additional cold damage.
   It can also slow down cold-blooded creatures.
   Str:       It affects your strength (+4).
 t - a +0 longbow
 v - the +5 war axe "Gur Reg" (weapon) {speed, Will+ MP+9 Stlth-}
   (You found it on level 4 of the Dungeon)

   Attacks with this weapon are significantly faster.
   MP:        It affects your magic capacity (+9).
   Will:      It increases your willpower.
   Stlth:     It makes you less stealthy.
 w - a -3 double sword
 x - a -2 double sword
 y - a -3 triple crossbow
 z - a -3 demon whip
Missiles
 G - a throwing net
 H - 4 poisoned darts (quivered)
Armour
 b - a +0 scale mail
 c - a +0 buckler (worn)
 p - a +0 cloak (worn)
 q - a +0 plate armour (worn)
Jewellery
 e - a ring of magical power
 m - an amulet of reflection
 F - a ring of positive energy
Scrolls
 h - a scroll of vulnerability {unknown}
 i - 2 scrolls of silence
 j - a scroll of noise
 n - a scroll of teleportation
 o - 2 scrolls of identify
 A - a scroll of fear {unknown}
 B - a scroll of summoning {unknown}
 C - a scroll of enchant weapon {unknown}
 E - a scroll of acquirement {unknown}
Potions
 d - 2 potions of might
 f - a potion of mutation {unknown}
 g - 2 potions of degeneration {unknown}
 k - 5 potions of curing
 r - a potion of flight {unknown}
 s - a potion of ambrosia {unknown}
 u - a potion of attraction {unknown}
 D - a potion of invisibility {unknown}
 I - a potion of berserk rage {unknown}


   Skills:
 + Level 6.1 Fighting
 * Level 6.5(7.5) Axes
 + Level 5.7(7.1) Maces & Flails
 + Level 8.6 Armour
 - Level 1.2 Dodging
 - Level 1.1 Stealth
 * Level 6.4 Shields


You had 7 spell levels left.
You didn't know any spells.
Your spell library contained the following spells:

 Spells                   Type           Power      Damage    Failure   Level
 Magic Dart               Conj           0%         1d3       100%        1
 Call Imp                 Summ           0%         N/A       100%        2
 Sublimation of Blood     Necr           0%         N/A       100%        2
 Wereblood                Tmut           0%         N/A       100%        2
 Mephitic Cloud           Conj/Pois/Air  0%         N/A       100%        3
 Freezing Cloud           Conj/Ice/Air   0%         6-21      100%        5
 Simulacrum               Ice/Necr       0%         N/A       100%        6
 Summon Hydra             Summ           0%         N/A       100%        7
 Polar Vortex             Ice            0%         N/A       100%        9


Dungeon Overview and Level Annotations

Branches:
Dungeon (6/15)             Temple (1/1) D:6

Altars:
Cheibriados
Dithmenos
Elyvilon
Gozag
Hepliaklqana
Kikubaaqudgha
Makhleb
Nemelex Xobeh
Okawaru
Qazlal
Ru
Sif Muna
Trog
Uskayaw
Vehumet
Wu Jian
Xom
Zin
The Shining One
Lugonu

Shops:
D:3 [   D:5 *


Innate Abilities, Weirdness & Mutations

You have a pair of horns on your head.
You reflexively headbutt those who attack you in melee.


Message History

The orc hits you with a +1 dagger of venom.
The orc hits you but does no damage.
You see here a +0 club.
You slash the orc!
You kill the orc!
Lugonu accepts your kill.
You hit the orc. The orc hits you but does no damage.
The orc hits you but does no damage.
The orc warrior hits you but does no damage.
Things that are here:
a +1 dagger of venom; an amulet of regeneration; an orc corpse You slash the orc!
You kill the orc!
Lugonu accepts your kill.
You barely miss the orc warrior.
The orc warrior hits you with a +0 battleaxe.
Things that are here:
a +0 whip; 3 boomerangs The orc warrior hits you with a +0 battleaxe.
Things that are here:
a +1 dagger of venom; an amulet of regeneration; an orc corpse The orc warrior hits you with a +0 battleaxe!
The orc warrior hits you with a +0 battleaxe.
You barely miss the orc warrior. Your headbutt misses the orc warrior.
The orc warrior hits you but does no damage.
You closely miss the orc warrior.
The orc warrior hits you but does no damage.
You hit the orc warrior but do no damage.
Your headbutt misses the orc warrior.
The orc warrior hits you with a +0 battleaxe!!
* * * LOW HITPOINT WARNING * * *
You closely miss the orc warrior. You barely miss the orc warrior.
You block the orc warrior's attack.
You slash the orc warrior! You headbutt the orc warrior.
The orc warrior is moderately wounded.
The orc warrior hits you but does no damage.
You slash the orc warrior!
The orc warrior is almost dead.
The orc warrior hits you with a +0 battleaxe!!
You die...

##. #.........## #..
#..........# #..
#..........## ##.# .
#........?..# ##.##
..#..>........## #..#
#..............#
##.## #............##
#..# #....o@......#
##.## ##..))......##
#..# #..)))..####
##.## ##...#### #..#
###..## ######.#.....
###.###...#..##....
###........## #...
##.........†## #..
#...........#..#####.


You could see an orc warrior.

Vanquished Creatures
  Pikel (D:4)
  Maggie (D:6)
  Edmund (D:4)
  An ice beast (D:5)
  2 black bears (D:5)
  A sky beast (D:6)
  An ogre (D:5)
  A centaur (D:5)
  Blork the orc (D:5)
  2 scorpions
  A necrophage (D:5)
  A jelly (D:4)
  An orc priest (D:4)
  Jessica (D:2)
  3 iguanas
  2 orc wizards (D:4)
  3 adders
  An ufetubus (D:5)
  2 worms
  10 orcs
  5 endoplasms
  2 giant cockroaches
  9 hobgoblins
  2 jackals (D:4)
  5 kobolds
  A quokka (D:4)
  9 ball pythons
  3 bats
  15 frilled lizards
  5 goblins
  4 rats
97 creatures vanquished.

Vanquished Creatures (others)
  2 plants (D:3)
2 creatures vanquished.

Grand Total: 99 creatures vanquished

Notes
Turn   | Place    | Note
-------+----------+-------------------------------------------
     0 | D:1      | GigaChad the Minotaur Fighter began the quest for the Orb.
     0 | D:1      | Reached XP level 1. HP: 19/19 MP: 0/0
   219 | D:1      | Reached skill level 4 in Armour
   219 | D:1      | Reached XP level 2. HP: 26/27 MP: 1/1
   353 | D:1      | Found a faded altar of an unknown god.
   358 | D:1      | Prayed at the altar of an unknown god.
   358 | D:1      | Became a worshipper of Lugonu the Unformed
   358 | D:1      | Reached * piety under Lugonu
   358 | D:1      | Reached ** piety under Lugonu
   997 | D:2      | Found a radiant altar of Vehumet.
  1100 | D:2      | Reached XP level 3. HP: 26/33 MP: 2/2
  1276 | D:2      | Noticed Jessica
  1289 | D:2      | Killed Jessica
  1482 | D:2      | Identified the +5 mace of Valour {freeze, Str+4}
  1694 | D:2      | Reached XP level 4. HP: 40/40 MP: 3/3
  1903 | D:3      | Found Vitiuwur's Armour Shop.
  2390 | D:3      | Reached *** piety under Lugonu
  2812 | D:4      | Reached skill level 1 in Maces & Flails
  2812 | D:4      | Reached XP level 5. HP: 36/46 MP: 4/4
  2826 | D:4      | Reached skill level 5 in Armour
  3271 | D:4      | Noticed a lemure
  3271 | D:4      | Noticed Pikel
  3272 | D:4      | Noticed a lemure
  3273 | D:4      | Noticed a lemure
  3273 | D:4      | Noticed a lemure
  3281 | D:4      | Killed Pikel
  3282 | D:4      | Reached skill level 5 in Fighting
  3282 | D:4      | Reached skill level 6 in Armour
  3282 | D:4      | Reached skill level 1 in Dodging
  3282 | D:4      | Reached skill level 1 in Stealth
  3282 | D:4      | Reached XP level 6. HP: 44/56 MP: 5/5
  3282 | D:4      | Reached XP level 7. HP: 47/61 MP: 6/6
  3657 | D:4      | Noticed Edmund
  3669 | D:4      | Killed Edmund
  3670 | D:4      | Reached skill level 7 in Armour
  3682 | D:4      | Identified the +5 war axe "Gur Reg" {speed, Will+ MP+9
                  | Stlth-}
  3974 | D:5      | Entered Level 5 of the Dungeon
  3974 | D:5      | Found Pinu's Lightly-Used Armoury.
  3988 | D:5      | Reached skill level 5 in Shields
  3992 | D:5      | Bought a -3 double sword for 1 gold piece
  3992 | D:5      | Bought a -2 double sword for 60 gold pieces
  3992 | D:5      | Bought a -3 triple crossbow for 1 gold piece
  3992 | D:5      | Bought a -3 demon whip for 1 gold piece
  4021 | D:5      | Reached XP level 8. HP: 36/69 MP: 7/7
  4087 | D:5      | Reached skill level 5 in Axes
  4858 | D:5      | Reached skill level 8 in Armour
  4943 | D:5      | Noticed Blork the orc
  4955 | D:5      | Killed Blork the orc
  4956 | D:5      | Reached skill level 5 in Maces & Flails
  5120 | D:5      | Found a burning altar of Makhleb.
  5120 | D:5      | Found an ornate altar of the Wu Jian Council.
  5120 | D:5      | Found a bloodstained altar of Trog.
  5120 | D:5      | Found an iron altar of Okawaru.
  5121 | D:5      | Found a snail-covered altar of Cheibriados.
  5121 | D:5      | Found a white marble altar of Elyvilon.
  5124 | D:5      | Found a shimmering blue altar of Sif Muna.
  5124 | D:5      | Found a hide-covered altar of Uskayaw.
  5124 | D:5      | Found a glowing silver altar of Zin.
  5404 | D:6      | Found a staircase to the Ecumenical Temple.
  5432 | Temple   | Entered the Ecumenical Temple
  5546 | D:6      | Noticed Maggie
  5558 | D:6      | Killed Maggie
  5573 | D:6      | Mangled by an orc warrior

Illustrated notes

Levels and vault maps discovered:
D:1:      dpeg_arrival_connections, layout_loops_corners, basic_ecumenical_altar
D:2:      layout_loops_ring, basic_altar, uniq_jessica
D:3:      layout_loops_corners, serial_shops, shop, minmay_lizard_king
D:4:      layout_loops_corners, uniq_pikel, uniq_edmund
D:5:      layout_rooms, nicolae_overflows_in_rows, minmay_shop_damaged,
          uniq_blork_the_orc
D:6:      layout_cave_pods, minmay_temple_entry_slanted, uniq_maggie
Temple:   dshaligram_water_room_temple

Skill      XL: |  1  2  3  4  5  6  7  8 |
---------------+-------------------------+-----
Armour         | 4 6 7 8 |  8.6
Axes           | 3 4 6 |  6.5
Fighting       | 4 5 6 |  6.1
Shields        | 4 5 6 |  6.4
Maces & Flails | 1 4 5 |  5.7
Dodging        | 1 |  1.2
Stealth        | 1 |  1.1

Action                   |  1- 3 |  4- 6 |  7- 9 || total
-------------------------+-------+-------+-------++-------
Melee: War axe           |    52 |       |    38 ||    90
       Headbutt          |     4 |    11 |    18 ||    33
       Mace              |     2 |    59 |    12 ||    73
       Demon whip        |       |       |    43 ||    43
       Double sword      |       |       |     8 ||     8
  Use: Scroll            |     1 |     3 |       ||     4
Armor: Scale mail        |    53 |    14 |       ||    67
       Plate armour      |       |    12 |    68 ||    80
Dodge: Dodged            |    44 |    26 |    28 ||    98
Block: Buckler           |    27 |    11 |    23 ||    61
